 Dungeon Crawl Stone Soup version 0.29.1-12-g30fa7ad0bf (webtiles) character file.

Game seed: 2822050020359943765

624 wormed the Cutter (level 7, -5/44 HPs)
             Began as a Kobold Monk on Dec 22, 2022.
             Slain by a black bear (12 damage)
             ... on level 4 of the Dungeon.
             The game lasted 00:10:54 (5617 turns).

wormed the Cutter (Kobold Monk)                     Turns: 5617, Time: 00:10:55

Health: -5/44      AC:  3    Str:  9    XL:     7   Next: 76%
Magic:  7/7        EV: 16    Int: 11    God:
Gold:   158        SH:  6    Dex: 19    Spells: 6/6 levels left

rFire   . . .      SeeInvis .   r - +0 dagger (venom)
rCold   . . .      Faith    .   m - +0 buckler
rNeg    . . .      Spirit   .   o - +0 leather armour
rPois   .          Reflect  .   (no helmet)
rElec   .          Harm     .   (no cloak)
rCorr   .          Rampage  .   (no gloves)
Will    .....                   (no boots)
Stlth   ++++......              (no amulet)
HPRegen 0.14/turn               (no ring)
MPRegen 0.10/turn               (no ring)

@: no status effects
A: small, no large weapons, nightstalker 3
a: no special abilities


You were on level 4 of the Dungeon.
You visited 1 branch of the dungeon, and saw 4 of its levels.

You collected 158 gold pieces.

Inventory:

Hand Weapons
 r - a +0 dagger of venom (weapon)
Missiles
 f - 4 boomerangs (quivered)
Armour
 m - a +0 buckler (worn)
 o - a +0 leather armour (worn)
Jewellery
 b - a ring of ice
Scrolls
 a - a scroll of butterflies {unknown}
 d - a scroll of magic mapping
 k - 3 scrolls of vulnerability
 l - a scroll of amnesia {unknown}
 p - 2 scrolls of identify
 q - a scroll of enchant weapon {unknown}
 t - 2 scrolls of blinking {unknown}
 u - a scroll of silence {unknown}
Potions
 c - a potion of ambrosia
 e - 2 potions of heal wounds
 g - a potion of resistance
 h - 2 potions of degeneration {unknown}
 i - 2 potions of lignification {unknown}
 j - a potion of haste {unknown}
 n - a potion of brilliance {unknown}
 s - a potion of curing {unknown}
 v - a potion of flight {unknown}


   Skills:
 + Level 5.0 Fighting
 + Level 6.2 Short Blades
 + Level 5.5 Dodging
 + Level 5.6 Stealth
 + Level 2.3 Shields


You had 6 spell levels left.
You didn't know any spells.
Your spell library contained the following spells:

 Spells                   Type           Power      Damage    Failure   Level
 Sandblast                Erth           0%         2d4       58%         1
 Sting                    Tmut/Pois      0%         1d3       58%         1
 Passwall                 Tmut/Erth      0%         N/A       75%         2
 Poisonous Vapours        Pois/Air       0%         N/A       75%         2
 Ozocubu's Armour         Ice            0%         N/A       92%         3
 Stone Arrow              Conj/Erth      0%         3d7       92%         3
 Olgreb's Toxic Radiance  Pois           0%         N/A       100%        4
 Metabolic Englaciation   Hex/Ice        0%         N/A       100%        5
 Simulacrum               Ice/Necr       0%         N/A       100%        6


Dungeon Overview and Level Annotations

Branches:
Dungeon (4/15)             Temple (0/1) D:4

Altars:
Elyvilon
Makhleb
Sif Muna
Trog
Xom


Innate Abilities, Weirdness & Mutations

You are small and have problems with some larger weapons.
You are completely attuned to the shadows.


Message History

The black bear looks as sick as possible!
The black bear is heavily wounded.
The black bear closely misses you. The black bear claws you. x2
You hit the black bear.
The black bear looks as sick as possible!
The black bear is heavily wounded.
You hit the black bear but do no damage.
The black bear looks as sick as possible!
The black bear is severely wounded.
You block the black bear's attack. x2; The black bear claws you.
You hit the black bear.
The black bear looks as sick as possible!
The black bear is severely wounded.
The black bear goes berserk!
You hit the black bear.
The black bear looks as sick as possible!
The black bear is severely wounded.
The black bear bites you. The black bear barely misses you.
You block the black bear's attack.
You hit the black bear.
The black bear is almost dead.
The black bear bites you. The black bear claws you. x2
You hit the black bear.
The black bear looks as sick as possible!
The black bear is almost dead.
The black bear misses you. You block the black bear's attack.
The black bear claws you. You block the black bear's attack. x2
The black bear barely misses you.
You hit the black bear but do no damage.
The black bear looks as sick as possible!
The black bear is almost dead.
The black bear bites you.
* * * LOW HITPOINT WARNING * * *
The black bear barely misses you. The black bear claws you.
* * * LOW HITPOINT WARNING * * *
You hit the black bear.
The black bear looks as sick as possible!
The black bear is almost dead.
The black bear bites you!
You die...

#..#.# ##.#######..#≈
##..<###...........#≈
##......########..#≈
#......# #.##≈
#......# #.##≈
#.....## #.###
#.....# #...# #.....#
###.. ##@#### ##. #h#
#. #.# ###. #.# ##...
#.# #######....
######........##
###.).###.....###
##.).†..)#######
#)..._††..#


You could see a black bear (berserk, extremely poisoned).

Vanquished Creatures
  A black bear (D:4)
  An ogre (D:4)
  A phantom (D:3)
  A scorpion (D:4)
  A hound (D:4)
  3 orc priests
  2 adders (D:3)
  3 gnolls (D:4)
  A river rat (D:4)
  8 worms
  3 dart slugs
  14 orcs
  3 bats
  8 endoplasms
  3 giant cockroaches
  7 goblins
  10 hobgoblins
  8 kobolds
  2 quokkas
  8 ball pythons
  3 frilled lizards
  7 rats
98 creatures vanquished.

Vanquished Creatures (others)
  2 plants (D:2)
2 creatures vanquished.

Grand Total: 100 creatures vanquished

Notes
Turn   | Place    | Note
-------+----------+-------------------------------------------
     0 | D:1      | wormed the Kobold Monk began the quest for the Orb.
     0 | D:1      | Reached XP level 1. HP: 14/14 MP: 1/1
   173 | D:1      | Reached XP level 2. HP: 19/19 MP: 2/2
   607 | D:1      | You fall into a shaft and drop 1 floor!
   644 | D:1      | Reached XP level 3. HP: 23/23 MP: 3/3
  1261 | D:2      | Reached XP level 4. HP: 22/29 MP: 4/4
  1371 | D:2      | Found a burning altar of Makhleb.
  1606 | D:2      | Found a faded altar of an unknown god.
  2224 | D:3      | Reached skill level 1 in Shields
  2224 | D:3      | Reached XP level 5. HP: 27/33 MP: 5/5
  2348 | D:3      | Reached skill level 5 in Short Blades
  3255 | D:3      | Found a shimmering blue altar of Sif Muna.
  3286 | D:3      | Found a shimmering altar of Xom.
  3532 | D:3      | Noticed a phantom
  3584 | D:3      | HP: 1/33 [phantom (2)]
  3587 | D:3      | Killed a phantom
  3588 | D:3      | Reached XP level 6. HP: 30/39 MP: 6/6
  4288 | D:4      | Noticed an ogre
  4292 | D:4      | Killed an ogre
  4293 | D:4      | Reached skill level 5 in Dodging
  4293 | D:4      | Reached skill level 5 in Stealth
  4293 | D:4      | Reached XP level 7. HP: 44/44 MP: 7/7
  4337 | D:4      | Found a white marble altar of Elyvilon.
  4425 | D:4      | Reached skill level 6 in Short Blades
  4849 | D:4      | Found a staircase to the Ecumenical Temple.
  4928 | D:4      | Reached skill level 5 in Fighting
  5046 | D:4      | Noticed a moth of wrath
  5049 | D:4      | Found a bloodstained altar of Trog.
  5617 | D:4      | Slain by a black bear

Illustrated notes

Levels and vault maps discovered:
D:1:      co_arrival_square_in_a_square_in_a_square, layout_loops_ring,
          st_stairs_5
D:2:      layout_loops_ring, shapermc_ecumenical_altar_acropolis, basic_altar
D:3:      layout_loops_cross, mainiacjoe_overflow_two_lobes, serial_glass,
          glass_columns_b, glass_columns_a, glass_columns_a, glass_columns_c,
          glass_columns_b, glass_columns_a, minivault_11,
          minmay_fractal_squares_gapless_5
D:4:      layout_rooms, nicolae_elyvilon_peaceful_grove, tgw_trog,
          minmay_temple_entry_from_below_b, portal_sewer_entry_e,
          kennysheep_generic_room_11

Skill      XL: |  1  2  3  4  5  6  7 |
---------------+----------------------+-----
Stealth        | 3 4 5 |  5.6
Dodging        | 4 5 |  5.5
Fighting       | 4 5 |  5.0
Shields        | 1 2 |  2.3
Short Blades   | 5 6 |  6.2

Action                   |  1- 3 |  4- 6 |  7- 9 || total
-------------------------+-------+-------+-------++-------
Melee: Dagger            |    87 |   247 |   112 ||   446
       Short sword       |     2 |       |       ||     2
  Use: Potion            |       |     1 |       ||     1
       Scroll            |       |     3 |       ||     3
 Stab: Sleeping          |    13 |     9 |     9 ||    31
       Distracted        |     1 |       |     1 ||     2
Armor: Robe              |     5 |       |       ||     5
       Leather armour    |     2 |    20 |     4 ||    26
Dodge: Dodged            |    35 |   111 |    51 ||   197
Block: Buckler           |     6 |    56 |    25 ||    87
